Cogmind - Beta 13 @@@ ROGUE MODE // 2024.05.27 @ 09:25:40 Player: pakman Result: Destroyed by S-10 Pest with Light Assault Rifle Performance ------------- Evolutions (2) 1000 Regions Visited (6) 1200 Robots Destroyed (11) 55 Value Destroyed (358) 358 Prototype IDs (24) 480 Alien Tech Used (0) 0 Bonus (500) 500 TOTAL SCORE: 3593 Bonus ------- Entered Garrisons 200 Aligned with FarCom 300 Cogmind --------- Core Integrity 0/550 Matter 300/300 Energy 100/100 System Corruption 0% Temperature Cool (0) Movement Core (50) Location -8/Garrison Parts ------- > --- POWER (2) -------- (None) > --- PROPULSION (3) --- (None) > --- UTILITY (4) ------ (None) > --- WEAPON (2) ------- (None) > --- INVENTORY (5) ---- Terrain Scan Processor Faulty Advanced Beam Rifle YOLO Cannon Grenade Launcher Peak State ------------ > --- POWER ------------ Light Nuclear Core > --- PROPULSION ------- Improved Aluminum Leg Improved Aluminum Leg Improved Aluminum Leg > --- UTILITY ---------- Medium Storage Unit Seismic Detector ECM Suite Skeleton Box > --- WEAPON ----------- EM Shotgun Small Laser > --- INVENTORY -------- Sensor Array Terrain Scan Processor Small Laser Advanced Beam Rifle Latent Energy Streamer YOLO Cannon Light Assault Rifle Grenade Launcher Mining Laser [Rating: 25] Favorites ----------- Power Light Nuclear Core Engine Light Ion Engine Power Core Light Nuclear Core Propulsion Wheel Leg Improved Aluminum Leg Wheel Wheel Utility Seismic Detector Device Seismic Detector Storage Medium Storage Unit Weapon Light Assault Rifle Energy Gun Small Laser Ballistic Gun Light Assault Rifle Launcher Grenade Launcher Build | -11 -10 -10 -10 -9 -8 -8 ------- Run | Yrd Mat Min Exi Min Mat Gar Slots Evolved 4 | . . . . . 4 . Power 1 | . . . . . 1 . Propulsion 1 | . . . . . 1 . Utility 2 | . . . . . 2 . Weapon . | . . . . . . . Parts Attached 25 | 7 5 2 1 . 7 3 Power 4 | 1 1 1 . . . 1 Engine 2 | 1 1 . . . . . Core 2 | . . 1 . . . 1 Reactor . | . . . . . . . Propulsion 7 | 2 2 . . . 3 . Treads . | . . . . . . . Leg 3 | . . . . . 3 . Wheel 4 | 2 2 . . . . . Hover . | . . . . . . . Flight . | . . . . . . . Utility 5 | 2 . . 1 . 2 . Device 3 | 1 . . . . 2 . Storage 2 | 1 . . 1 . . . Processor . | . . . . . . . Hackware . | . . . . . . . Protection . | . . . . . . . Artifact . | . . . . . . . Weapon 9 | 2 2 1 . . 2 2 Energy Gun 6 | 1 1 . . . 2 2 Energy Cannon . | . . . . . . . Ballistic Gun 2 | 1 1 . . . . . Ballistic Cannon . | . . . . . . . Launcher 1 | . . 1 . . . . Special Weapon . | . . . . . . . Impact Weapon . | . . . . . . . Slashing Weapon . | . . . . . . . Piercing Weapon . | . . . . . . . Special Melee Weapon . | . . . . . . . Unidentified Prototypes 1 | . . . . . . 1 Parts Lost 11 | . 4 1 . 1 . 5 Power 4 | . 1 1 . . . 2 Propulsion 4 | . 2 . . 1 . 1 Utility 1 | . . . . . . 1 Weapon 2 | . 1 . . . . 1 Highest Loss Streak 4 | . 3 1 . 1 . 4 To Critical Strikes . | . . . . . . . Average Slot Usage (%) 92 | . 99 97 100 98 81 48 Engine 4 | . 13 7 . . . . Core 8 | . . 4 14 14 9 5 Leg 2 | . . . . . 21 13 Wheel 23 | . 27 28 28 26 2 . Device 14 | . 14 14 14 14 22 13 Storage 12 | . 14 14 14 14 9 5 Energy Gun 2 | . 2 4 . . 12 11 Ballistic Gun 15 | . 25 14 14 14 3 . Launcher 7 | . . 9 14 14 3 . Naked Turns 90 | . . . . . . 90 Heaviest Build 24 | 13 13 15 20 20 24 24 Greatest Support 39 | 20 20 20 20 20 39 39 Greatest Overweight (x) 1 | . . . . 1 1 . Average Overweight (x) . | . . . . . . . Largest Inventory Capacity 10 | 8 8 8 10 10 10 10 Average Capacity 9 | 6 8 8 9 10 10 8 Most Carried 10 | 7 8 6 9 10 10 9 Average Carried 7 | 4 7 5 5 9 9 7 Final Capacity 10 | 8 8 8 10 10 10 5 Final Carried 10 | 7 6 5 9 10 9 5 Class Distribution -------------------- 53% | Scavenger-Mutant 46% | Mutant Dominant Class ---------------- Mutant | -10/Materials Scavenger-Mutant | -10/Mines Scavenger-Mutant | -10/Exiles Scavenger-Mutant | -9/Mines Mutant | -8/Materials Mutant | -8/Garrison Resources | -11 -10 -10 -10 -9 -8 -8 ----------- Run | Yrd Mat Min Exi Min Mat Gar Matter Collected 584 | 282 106 . . 46 . 150 Remotely . | . . . . . . . Salvage Created 495 | 104 295 . . . . 96 Parts 28 | 6 17 . . . . 5 Haulers Intercepted . | . . . . . . . Recyclers Shooed . | . . . . . . . Parts Field Recycled . | . . . . . . . Retrieved Matter . | . . . . . . . Parts Self-Destructed . | . . . . . . . Prevented . | . . . . . . . Kills | -11 -10 -10 -10 -9 -8 -8 ------- Run | Yrd Mat Min Exi Min Mat Gar Combat Hostiles Destroyed 9 | . 7 . . . . 2 Guns 9 | . 7 . . . . 2 Classes Destroyed 3 | 2 1 . . . . . Tunneler 1 | 1 . . . . . . Recycler 1 | 1 . . . . . . Grunt 9 | . 7 . . . . 2 Best Kill Streak 3 | 2 3 . . . . 1 Combat Bots Only 3 | . 3 . . . . 1 Max Kills in Single Turn 1 | 1 1 . . . . 1 Gunslinging . | . . . . . . . Exploded . | . . . . . . . Melee . | . . . . . . . Uniques/NPCs Destroyed . | . . . . . . . Combat | -11 -10 -10 -10 -9 -8 -8 -------- Run | Yrd Mat Min Exi Min Mat Gar Hostile Shots Fired 152 | . 38 8 . 8 . 98 Missed 43 | . 8 2 . 4 . 29 Damage Taken 1689 | . 355 168 . 148 . 1018 Core 733 | . 70 46 . 66 . 551 Absorbed by Shields 89 | . . . . . . 89 Core Remaining (%) 63 | 100 . . . 27 . . Volleys Fired 48 | 4 22 2 . 8 . 12 Largest 2 | 2 2 2 . 1 . 2 Hottest 85 | 70 70 60 . 30 . 85 Shots Fired 84 | 8 44 3 . 8 . 21 Gun 75 | 8 44 2 . . . 21 Cannon . | . . . . . . . Launcher 9 | . . 1 . 8 . . Special . | . . . . . . . Kinetic 46 | 4 41 1 . . . . Thermal 21 | 4 3 1 . . . 13 Explosive 9 | . . 1 . 8 . . Electromagnetic 8 | . . . . . . 8 Robot Hit Streak 7 | 3 7 1 . . . 4 Robot Miss Streak 2 | 2 2 2 . . . 2 Penetration Max . | . . . . . . . Secondary Targets 1 | . . . . . . 1 Max Gunslinging Chain 1 | . . . . . . 1 Shots Hit Robots 50 | 5 29 1 . . . 15 Core Hits 24 | 3 15 . . . . 6 Critical Kills . | . . . . . . . Critical Parts Destroyed . | . . . . . . . Critical Strikes . | . . . . . . . Melee Attacks . | . . . . . . . Impact . | . . . . . . . Slashing . | . . . . . . . Piercing . | . . . . . . . Sneak Attacks . | . . . . . . . Combat Hostiles . | . . . . . . . Follow-up Attacks . | . . . . . . . Damage Inflicted 615 | 63 316 45 . . . 191 Guns 570 | 63 316 . . . . 191 Cannons . | . . . . . . . Explosions 45 | . . 45 . . . . Melee . | . . . . . . . Ramming . | . . . . . . . Kinetic 318 | 38 280 . . . . . Thermal 174 | 25 36 . . . . 113 Explosive 45 | . . 45 . . . . Electromagnetic 78 | . . . . . . 78 Impact . | . . . . . . . Slashing . | . . . . . . . Piercing . | . . . . . . . Highest Corruption . | . . . . . . . Average Corruption . | . . . . . . . Corruption Purged . | . . . . . . . Corruption Blocked . | . . . . . . . Overload Shots . | . . . . . . . Overflow Damage 32 | . . 19 . 13 . . Projectiles . | . . . . . . . Explosions 32 | . . 19 . 13 . . Melee . | . . . . . . . Knockbacks . | . . . . . . . Impact . | . . . . . . . Kinetic . | . . . . . . . Secondary . | . . . . . . . Self-Inflicted Damage 103 | . . 39 . 64 . . Shots 6 | . . 1 . 5 . . Rammed . | . . . . . . . Targets Rammed . | . . . . . . . Kicked . | . . . . . . . Crushed . | . . . . . . . Highest Temperature 160 | 47 26 20 . . . 160 Average Temperature 46 | 22 8 15 . . . 88 Received Heat Transfer 660 | . 198 . . 12 . 450 Siege Activations . | . . . . . . . Robots Corrupted . | . . . . . . . Combat Hostiles . | . . . . . . . Parts Fried . | . . . . . . . Impact Corruptions . | . . . . . . . Robots Melted . | . . . . . . . Combat Hostiles . | . . . . . . . Parts Melted . | . . . . . . . Heat Transferred 411 | 74 87 . . . . 250 Parts Sabotaged . | . . . . . . . Parts Stolen . | . . . . . . . Parts Stripped . | . . . . . . . Power Chain Reactions . | . . . . . . . Alert | -11 -10 -10 -10 -9 -8 -8 ------- Run | Yrd Mat Min Exi Min Mat Gar Peak Influence 135 | 10 80 33 . 15 1 135 Initial 27 | . 6 27 . . 1 . Average 27 | 3 46 29 . . 1 56 Maximum Alert Level . | . . . . . . . Low Security (%) 100 | 100 100 100 . 100 100 100 Level 1 . | . . . . . . . Level 2 . | . . . . . . . Level 3 . | . . . . . . . Level 4 . | . . . . . . . Level 5 . | . . . . . . . High Security . | . . . . . . . Max Security . | . . . . . . . Squads Dispatched 5 | . 3 . . 2 . . Investigation 1 | . 1 . . . . . Extermination . | . . . . . . . Reinforcement 2 | . 2 . . . . . Assault 2 | . . . . 2 . . Garrison . | . . . . . . . Intercept . | . . . . . . . Searches Triggered . | . . . . . . . Construction Impeded . | . . . . . . . Haulers Reinforced . | . . . . . . . Active Scanning Responses . | . . . . . . . Cargo Convoy Interrupts . | . . . . . . . Stealth | -11 -10 -10 -10 -9 -8 -8 --------- Run | Yrd Mat Min Exi Min Mat Gar Distress Signals . | . . . . . . . Communications Jammed . | . . . . . . . Distress Signals . | . . . . . . . Times Spotted 38 | . 11 5 . 5 . 17 Peak Tracking Total 9 | . 4 5 . 3 . 9 Tactical Retreats 3 | . . . . 2 . 1 Traps | -11 -10 -10 -10 -9 -8 -8 ------- Run | Yrd Mat Min Exi Min Mat Gar Traps Triggered 5 | . 1 . . . . 4 Indirectly . | . . . . . . . Trap Hack Attempts . | . . . . . . . Triggered . | . . . . . . . Disarmed . | . . . . . . . Reprogrammed . | . . . . . . . Reused . | . . . . . . . Traps Extracted . | . . . . . . . Installed . | . . . . . . . Triggered 1 | . . 1 . . . . Machines | -11 -10 -10 -10 -9 -8 -8 ---------- Run | Yrd Mat Min Exi Min Mat Gar Machines Disabled . | . . . . . . . Max in Single Turn . | . . . . . . . Machines Repaired . | . . . . . . . Machines Dismantled . | . . . . . . . Machines Sabotaged . | . . . . . . . Overloaded Fab Kills . | . . . . . . . Hacking | -11 -10 -10 -10 -9 -8 -8 --------- Run | Yrd Mat Min Exi Min Mat Gar Machines Accessed 8 | . 1 . 5 . 1 1 Terminals 1 | . . . . . . 1 Fabricators . | . . . . . . . Repair Stations . | . . . . . . . Recycling Units 1 | . 1 . . . . . Scanalyzers . | . . . . . . . Garrison Access 1 | . . . . . 1 . Total Hacks 56 | . 1 . 50 . 2 3 Successful 52 | . 1 . 50 . 1 . Failed 4 | . . . . . 1 3 Catastrophic 1 | . . . . . . 1 Database Lockouts . | . . . . . . . Manual 2 | . 1 . 1 . . . Terminals 3 | . . . . . . 3 Fabricators . | . . . . . . . Repair Stations . | . . . . . . . Recycling Units 1 | . 1 . . . . . Scanalyzers . | . . . . . . . Garrison Access 2 | . . . . . 2 . Terminal Hacks 50 | . . . 50 . . . Record 49 | . . . 49 . . . Derelict Proto ID Bank 1 | . . . 1 . . . Fabricator Hacks . | . . . . . . . Repair Station Hacks . | . . . . . . . Recycling Unit Hacks 1 | . 1 . . . . . Report Inventory 1 | . 1 . . . . . Scanalyzer . | . . . . . . . Garrison Access Hacks 1 | . . . . . 1 . Unlock Access 1 | . . . . . 1 . Unauthorized Hacks . | . . . . . . . Terminals . | . . . . . . . Fabricators . | . . . . . . . Repair Stations . | . . . . . . . Recycling Units . | . . . . . . . Scanalyzers . | . . . . . . . Garrison Access . | . . . . . . . Data Cores Recovered . | . . . . . . . Used . | . . . . . . . Hacking Detections 3 | . 1 . . . 1 1 Full Trace Events 1 | . . . . . . 1 Feedback Events . | . . . . . . . Feedback Blocked . | . . . . . . . Robot Schematics Acquired . | . . . . . . . Robots Built . | . . . . . . . Authchips . | . . . . . . . Time . | . . . . . . . Total Robot Build Rating . | . . . . . . . Part Schematics Acquired . | . . . . . . . Parts Built . | . . . . . . . Authchips . | . . . . . . . Time . | . . . . . . . Total Part Build Rating . | . . . . . . . Parts Repaired . | . . . . . . . Time . | . . . . . . . Parts Recycled . | . . . . . . . Recycled Matter . | . . . . . . . Retrieved Matter . | . . . . . . . Retrieved Components . | . . . . . . . Parts Scanalyzed . | . . . . . . . Part Schematics Acquired . | . . . . . . . Parts Damaged . | . . . . . . . Bothacking | -11 -10 -10 -10 -9 -8 -8 ------------ Run | Yrd Mat Min Exi Min Mat Gar Used RIF Installer . | . . . . . . . Robots Hacked . | . . . . . . . Non-combat . | . . . . . . . Combat . | . . . . . . . Robot Hacks Applied . | . . . . . . . Relay Couplers Released . | . . . . . . . Fabnet Peak Effective % . | . . . . . . . Robots Rewired . | . . . . . . . Allies Hacked . | . . . . . . . Hacks Repelled . | . . . . . . . Allies | -11 -10 -10 -10 -9 -8 -8 -------- Run | Yrd Mat Min Exi Min Mat Gar Total Allies 1 | . . . . 1 . . Largest Group 1 | . . . . 1 . . Highest-Rated Group 31 | . . . . 31 . . Highest-Rated Ally 31 | . . . . 31 . . Total Orders . | . . . . . . . Ally Attacks 2 | . . . . 2 . . Total Damage 22 | . . . . 22 . . Kills . | . . . . . . . Allies Corrupted . | . . . . . . . Allies Melted . | . . . . . . . Intel | -11 -10 -10 -10 -9 -8 -8 ------- Run | Yrd Mat Min Exi Min Mat Gar Robot Analysis Total . | . . . . . . . Derelict Logs Recovered 1 | . . . . 1 . . Drone Launches . | . . . . . . . Drone Recoveries . | . . . . . . . Exploration | -11 -10 -10 -10 -9 -8 -8 ------------- Run | Yrd Mat Min Exi Min Mat Gar Turns Passed 2190 | 84 590 57 603 522 92 242 Spaces Moved 2058 | 65 389 61 737 593 56 157 Core 74 | 7 . . . . . 67 Treads . | . . . . . . . Legs 132 | . . . . . 42 90 Wheels 1852 | 58 389 61 737 593 14 . Hover . | . . . . . . . Flight . | . . . . . . . Fastest Speed 50 | 50 80 80 80 80 95 50 Average Speed 81 | 76 80 80 80 81 115 90 Slowest Speed 190 | 80 80 80 80 95 190 120 Overloaded Moves . | . . . . . . . Propulsion Burnouts . | . . . . . . . Robots Hopped . | . . . . . . . Cave-ins Triggered . | . . . . . . . Exploration Rate (%) 37 | 4 31 9 93 84 4 34 Regions Visited 6 Branch Regions 3 Pre-discovered Areas 1 | . . . 1 . . . Known Exits Taken 1 | . . . . . 1 . Unknown Exits Taken 5 | 1 1 1 1 1 . . Scrap Searched 3 | . . . . 3 . . Spaces Dug 45 | . . . . 45 . . Terrain Destroyed 71 | . . 6 . 65 . . Melee . | . . . . . . . Projectile . | . . . . . . . AOE 71 | . . 6 . 65 . . Terrain Rammed . | . . . . . . . Walls Destroyed . | . . . . . . . Machines Disabled . | . . . . . . . Actions | -11 -10 -10 -10 -9 -8 -8 --------- Run | Yrd Mat Min Exi Min Mat Gar Total 2474 | 88 628 65 750 625 83 235 Wait 261 | . 202 1 1 21 16 20 Move 2052 | 64 388 60 736 592 55 157 Hop . | . . . . . . . Pick Up 24 | 10 6 . 4 2 2 . Fast Attach 12 | 7 1 . . . 3 1 Attach 8 | . 3 1 . . 3 1 Detach 1 | . . . . . 1 . Swap 5 | . 1 1 1 . 1 1 Drop 12 | 3 4 . 2 1 2 . Fire 48 | 4 22 2 . 8 . 12 Melee . | . . . . . . . Ram . | . . . . . . . Kick . | . . . . . . . Crush . | . . . . . . . Escape Stasis 43 | . . . . . . 43 Rewire 8 | . 1 . 6 1 . . Trap . | . . . . . . . Miscellaneous . | . . . . . . . Route ------- -11/Scrapyard -10/Materials -10/Mines -10/Exiles -9/Mines (discovered 2 exits: *Mat x2) -8/Materials -8/Garrison History --------- Turn | Location | Event 16 | -11/Scrapyard | Discovered new exit (range 15) 85 | -11/Scrapyard | Entered Materials 313 | -10/Materials | Build established: Mutant 393 | -10/Materials | Discovered new exit (range 4) 663 | -10/Materials | Lost 3 parts (2n1w) 675 | -10/Materials | Entered Mines 687 | -10/Mines | Assembled infested the area 728 | -10/Mines | Discovered new exit (range 5) 732 | -10/Mines | Entered Exiles 759 | -10/Exiles | Met 8R-AWN 771 | -10/Exiles | Met EX-HEX 843 | -10/Exiles | Met EX-DEC 857 | -10/Exiles | Visited The Gauntlet 934 | -10/Exiles | Build established: Scavenger-Mutant 977 | -10/Exiles | Learned location of Zion (-7) 1078 | -10/Exiles | Discovered new exit (range 14) 1128 | -10/Exiles | Met EX-BIN 1154 | -10/Exiles | Aligned with FarCom system 1155 | -10/Exiles | Given EX-Vault access code 1195 | -10/Exiles | Opened EX-Vault 1219 | -10/Exiles | Found Prototype Device 1222 | -10/Exiles | Found Prototype Energy Cannon 1228 | -10/Exiles | Found Prototype Energy Cannon 1240 | -10/Exiles | Identified Skeleton Box 1240 | -10/Exiles | Identified Latent Energy Streamer 1240 | -10/Exiles | Identified YOLO Cannon 1256 | -10/Exiles | Warned to stay clear of 0b10 Research branches 1335 | -10/Exiles | Stole three prototypes: YOLO Cannon, Skeleton Box, Latent Energy Streamer 1335 | -10/Exiles | Entered Mines 1340 | -9/Mines | Discovered new exit (range 7) 1358 | -9/Mines | Met a Derelict bent on vengeance 1449 | -9/Mines | YI-UF0 nonchalantly dropped a Grenade Launcher on the ground 1491 | -9/Mines | Learned Materials stockpile data 1554 | -9/Mines | Met a Derelict testing a Signal Generator 1585 | -9/Mines | Found Signal Generator 1665 | -9/Mines | Core integrity fell below 50% 1847 | -9/Mines | Discovered new exit (range 11) 1857 | -9/Mines | Entered Materials 1857 | -8/Materials | Evolved 4 slots: Power x1, Propulsion x1, Utility x2 1948 | -8/Materials | Identified exit to Garrison 1949 | -8/Materials | Entered Garrison 1961 | -8/Garrison | Triggered checkpoint 2029 | -8/Garrison | Lost 4 parts (1p1n1u1w) 2085 | -8/Garrison | Triggered checkpoint 2101 | -8/Garrison | Released all parts (7) 2104 | -8/Garrison | Build established: Mutant 2130 | -8/Garrison | Core integrity fell below 50% 2171 | -8/Garrison | Core integrity fell below 20% 2185 | -8/Garrison | Triggered checkpoint 2191 | -8/Garrison | Destroyed by S-10 Pest with Light Assault Rifle Last Messages --------------- 02175_ Field strength at 47. 02176_ Field strength at 32. 02177_ Field strength at 26. 02178_ Field strength at 12. 02179_ Field strength at 6. 02180_ Stasis field depleted. 02181_ Triggered Stasis Trap. 02181_ A bubble of rippling energy engulfs the area. 02181_ Field strength at 94. 02181_ Field strength at 88. 02182_ Field strength at 79. 02183_ Field strength at 73. 02184_ Field strength at 64. 02185_ Field strength at 58. 02186_ Field strength at 52. 02187_ Field strength at 46. 02188_ Field strength at 38. 02189_ Field strength at 30. 02190_ Field strength at 24. Map ----- +----------------------------------------------------+ | | | ?????????????????????????????????????????????????? | | ?????????????????????????????????????????????????? | | ?????????????????????????????????????????????????? | | ?????????????????????????????????????????????????? | | ?????????????????????????????????????????????????? | | ?????????????????????????????????????????????????? | | ?????????????????????????????????????????????????? | | ?????????????????????????????????????????????????? | | ?????????????????????????????????????????????????? | | ?????????????????????????????????????????????????? | | ?????????????????????????????????????????????????? | | ?????????????????????????????????????????????????? | | ?????????????????????????????????????????????????? | | ?????????????????????????????????????????????????? | | ?????????????????????????????????????????????????? | | ?????????????????????????????????????????????????? | | ?????????????????????????????????????????????????? | | ?????????????????????????????????????????????????? | | ?????????????????????????????????????????????????? | | ?????????????????????????????????????????????????? | | ?????????????????????????????????????????????????? | | ????????????????????????###??????????????????????? | | ???????????????????????? #??????????????????????? | | ?????????????????????s??#s#??????????????????????? | | ????????????????????????#@#??????????????????????? | | ????????????????????????#s#??????????????????????? | | ?????????????????????g??# #??????????????????????? | | ????????????????????????#g#??????????????????????? | | ?????????Y###########g###g##########?????????????? | | ??????? g #?????????????? | | ??????? l #?????????????? | | ??????? Y #?????????????? | | ?????????################ ###### #?????????????? | | ????????????????????????# #????# #?????????????? | | ????????????????????????# #????# #?????????????? | | ????????????????????????# ###### #?????????????? | | ????????????????????????# #?????????????? | | ???????????????Y????????######## #?????????????? | | ???????????????????????????????# #?????????????? | | ???????????????????????????????# #?????????????? | | ???????????????????????????????# #?????????????? | | ???????????????????????????????# #?????????????? | | ???????????????????????????????# ##""""######??? | | ???????????????????????????????# #??? | | ???????????????????????????????# ? | | ???????????????????????????????# ? | | ???????????????????????????????# ## ## ##?? | | ???????????????????????????????# ## ## #??? | | ???????????????????????????????" "??? | +----------------------------------------------------+ Best States ------------- Heat Dissipation 31 Energy Generation 14 Energy Capacity 160 Matter Stores 300 Matter Capacity 300 Sight Range 16 Terrain Scan Density 10 ECM Strength 1 Evasion (%) 55 Item Schematics ----------------- None Robot Schematics ------------------ None Fabricated ------------ Nothing Alien Tech Used ----------------- None Achievements -------------- I Survived The Infestation Challenges ------------ None Game ------ Seed BurstNuclearTorch Manual? 0 Play Time 00:47:47 Cumulative 22.4 hours Start 2024.05.27 @ 08:34:17 End 2024.05.27 @ 09:25:40 Sessions 1 Manual Loads 0 Difficulty Rogue Special Mode None Game No. 30 Rogue 30 Adventurer 0 Explorer 0 Win Type - Total 0 Types 0/0/0/0/0/0/0/0/0 Lore% 19 Gallery% 21 Achievement% 19 Wizard Run 0 Options --------- Layout 1 ASCII 0 Keyboard 1 Movement Numpad Keybinds 0 Fullscreen 2 Font 24/Crisp Map View 50x35 Zoom Use 0% Tactical HUD 1 Map Filters NONE Filters NONE Steam 1 RUN: e85592e2-678f-42f6-bb06-7046a77b9867